 Dungeon Sprint DCSS version 0.24-a0-574-g7d3d5a4 (webtiles) character file.

Game seed: 2737565140603938260

5 Faca the Skirmisher (level 1, -1/15 HPs)
             Began as a Gargoyle Fighter on Aug 20, 2019.
             Slain by a worm (7 damage)
             ... in the Dungeon (Sprint IX: "|||||||||||||||||||||||||||||").
             The game lasted 00:00:12 (29 turns).

Faca the Skirmisher (Gargoyle Fighter)                Turns: 29, Time: 00:00:12

Health: -1/15      AC:  9    Str: 19    XL:     1   Next: 80%
Magic:  1/1        EV:  7    Int:  8    God:
Gold:   0          SH:  9    Dex:  9    Spells: 0/0 levels left

rFire    . . .     SeeInvis .   a - +0 flail
rCold    . . .     Gourm    .   c - +0 shield
rNeg     + . .     Faith    .   b - +0 scale mail
rPois    ∞         Spirit   .   (no helmet)
rElec    +         Reflect  .   (no cloak)
rCorr    .         Harm     .   (no gloves)
MR       .....     NoTele   +   (no boots)
Stlth    ..........             (no amulet)
HPRegen  0.05/turn              (no ring)
MPRegen  0.07/turn              (no ring)

@: no status effects
A: negative energy resistance 1, electricity resistance, unbreathing,
petrification resistance, rot immunity, AC +2
a: no special abilities


You were in the Dungeon.
You were not hungry.

You visited 1 branch

Inventory:

Hand Weapons
 a - a +0 flail (weapon)
Armour
 b - a +0 scale mail (worn)
 c - a +0 shield (worn)
Scrolls
 k - a scroll of blinking
Potions
 d - a potion of might
 e - a potion of curing
 g - a potion of heal wounds
 h - a potion of haste
 i - 2 potions of magic
 j - a potion of berserk rage
Comestibles
 f - a ration


   Skills:
 + Level 4.2 Fighting
 + Level 3.1 Maces & Flails
 - Level 3.2 Armour
 - Level 3.2 Shields


You couldn't memorise any spells.
You didn't know any spells.
Your spell library was empty.

Dungeon Overview and Level Annotations

Branches:
Dungeon (1/1)

Altars:


Innate Abilities, Weirdness & Mutations

You are resistant to torment.
Your stone body is resilient. (AC +2)
You are immune to poison.
You resist negative energy. (rN+)
You are resistant to electric shocks. (rElec)
You can survive without breathing.
You are immune to petrification.
You are immune to rotting.


Message History

You are too injured to fight recklessly!
You hit the worm but do no damage.
The worm is lightly wounded.
You block the worm's attack.
The giant cockroach waves its antennae.
You hit the worm.
The worm is moderately wounded.
The worm bites you but does no damage.
You barely miss the worm.
The worm is moderately wounded.
The worm barely misses you.
You thump the worm!
The worm is almost dead.
Your shield and scale mail prevent you from hitting the worm.
The worm is almost dead.
You block the worm's attack.
You completely miss the worm.
The worm is severely wounded.
The worm bites you!
You die...

▓+▓
▓.▓
▓Z▓
▓s▓
▓s▓
▓l▓
▓w▓
▓@▓
▓.▓
▓.▓
▓.▓
▓.▓
▓)▓
▓.▓
▓.▓
▓.▓


You could see a worm, a scorpion, a giant cockroach zombie, a leopard gecko and
a giant cockroach.

Vanquished Creatures
  A giant cockroach (D)
  A goblin (D)
  A hobgoblin (D)
  A frilled lizard (D)
  A kobold (D)
5 creatures vanquished.

Notes
Turn   | Place    | Note
-------+----------+-------------------------------------------
     0 | D        | Faca the Gargoyle Fighter began the quest for the Orb.
     0 | D        | Reached XP level 1. HP: 14/14 MP: 1/1
     9 | D        | Reached skill level 4 in Fighting
    20 | D        | Noticed a scorpion
    29 | D        | Slain by a worm

Levels and vault maps discovered:
D:        linesprint [early_d, line_temple, items_1, d_10, items_2, lair_1,
          lair_end, items_3, orc_1, orc_end, items_4, d_15, swamp_1, shoals_1,
          snake_1, spider_1, d_20, vaults_1, items_5, swamp_end, shoals_end,
          snake_end, spider_end, vaults_end, d_27, items_6, zot_1, zot_end,
          crypt_end, forest_end, elf_end, slime_end, tomb_end, abyss_end,
          pan_hell_end]

Skill      XL: |  1 |
---------------+----+-----
Fighting       | 4 |  4.2
Maces & Flails | 3 |  3.1
Armour         | |  3.2
Shields        | |  3.2

Action                   || total
-------------------------++-------
Melee: Flail             ||    19
Armor: Scale mail        ||     4
Dodge: Dodged            ||     2
Block: Shield            ||     7

Table legend:
 A = Non-vault XP
 B = Vault XP
 C = Vault XP percentage of total XP
 D = Non-vault monster count
 E = Vault monster count
 F = Vault count percentage of total count
                 A         B        C        D         E       F
            +---------+---------+-------+---------+---------+-------
      Total |       0 |       8 | 100.0 |       0 |       5 | 100.0
            +---------+---------+-------+---------+---------+-------
          D |       0 |       8 | 100.0 |       0 |       5 | 100.0
            +---------+---------+-------+---------+---------+-------
